 Dungeon Crawl Stone Soup version 0.28-a0-479-g5baa6b73be (webtiles) character file.

Game seed: 16661096289885637947

35138 Gargoyl the Fighter (level 13, -21/104 HPs)
             Began as a Gnoll Abyssal Knight on Sept 18, 2021.
             Was an Elder of Lugonu.
             Demolished by Rupert (22 damage)
             ... on level 4 of the Lair of Beasts.
             The game lasted 00:30:00 (24337 turns).

Gargoyl the Fighter (Gnoll Abyssal Knight)         Turns: 24337, Time: 00:30:00

Health: -21/104    AC: 15    Str: 15    XL:     13   Next: 81%
Magic:  25/25      EV: 12    Int: 16    God:    Lugonu [****..]
Gold:   1620       SH:  0    Dex: 15    Spells: 29/29 levels left

rFire   . . .      SeeInvis +   e - +5 hand axe (flame)
rCold   . . .      Faith    .   n - +1 tower shield {rN+}
rNeg    + . .      Spirit   .   i - +0 acid dragon scales
rPois   +          Reflect  +   C - +2 hat {SInv}
rElec   .          Harm     .   (no cloak)
rCorr   +          Rampage  .   m - +0 pair of gloves
Will    .....                   r - +2 pair of boots of Put Fi Wisk {Will- Int+3 Dex+3}
Stlth   +.........              g - amulet of reflection
HPRegen 0.27/turn               s - ring of willpower
MPRegen 0.19/turn               D - ring of poison resistance

@: confused
A: fangs 1, strong nose, distributed training, sense surroundings 1
a: Renounce Religion, Depart the Abyss, Bend Space, Banish, Corrupt


You were on level 4 of the Lair of Beasts.
You worshipped Lugonu.
Lugonu was greatly pleased with you.
You visited 2 branches of the dungeon, and saw 16 of its levels.
You visited the Abyss 1 time.

You collected 1620 gold pieces.

Inventory:

Hand Weapons
 a - a +1 vampiric hand axe
 e - a +5 hand axe of flaming (weapon)
Missiles
 c - 4 javelins
 y - a poisoned dart (quivered)
Armour
 i - +0 acid dragon scales (worn)
 m - a +0 pair of gloves (worn)
 n - a +1 tower shield of positive energy (worn)
 o - a +0 pair of boots
 r - the +2 pair of boots of Put Fi Wisk (worn) {Will- Int+3 Dex+3}
   (You found it on level 5 of the Dungeon)

   Int:       It affects your intelligence (+3).
   Dex:       It affects your dexterity (+3).
   Will:      It decreases your willpower.
 x - a +2 helmet
 C - a +2 hat of see invisible (worn)
Jewellery
 g - an amulet of reflection (around neck)
 s - a ring of willpower (left hand)
 w - a ring of resist corrosion
 D - a ring of poison resistance (right hand)
 F - a ring of flight
Wands
 t - a wand of flame (37)
 B - a wand of paralysis (6)
 E - a wand of mindburst (29)
Scrolls
 f - 4 scrolls of fog
 j - a scroll of teleportation
 k - 5 scrolls of magic mapping
 q - 3 scrolls of identify
 G - a scroll of enchant armour
Potions
 b - a potion of flight
 d - 3 potions of curing
 l - 2 potions of heal wounds
 p - 5 potions of degeneration
 u - a potion of mutation
 v - 9 potions of lignification
 z - a potion of brilliance
 A - 7 potions of ambrosia


   Skills:
 + Level 10.7 Fighting
 + Level 8.6 Short Blades
 + Level 8.6 Long Blades
 + Level 9.8 Axes
 + Level 8.6 Maces & Flails
 + Level 8.6 Polearms
 + Level 8.6 Staves
 + Level 8.6 Slings
 + Level 8.6 Bows
 + Level 8.6 Crossbows
 + Level 8.6 Throwing
 + Level 9.8 Armour
 + Level 9.0 Dodging
 + Level 8.6 Stealth
 + Level 8.6 Shields
 + Level 8.6 Unarmed Combat
 + Level 8.6 Spellcasting
 + Level 7.2 Conjurations
 + Level 7.2 Hexes
 + Level 7.2 Summonings
 + Level 7.2 Necromancy
 + Level 7.2 Translocations
 + Level 7.2 Transmutations
 + Level 7.2 Fire Magic
 + Level 7.2 Ice Magic
 + Level 7.2 Air Magic
 + Level 7.2 Earth Magic
 + Level 7.2 Poison Magic
 + Level 10.4 Invocations
 + Level 8.6 Evocations


You had 29 spell levels left.
You didn't know any spells.
Your spell library contained the following spells:

 Spells                   Type           Power      Damage    Failure   Level
 Magic Dart               Conj           100%       1d8       6%          1
 Shock                    Conj/Air       100%       1d9       6%          1
 Searing Ray              Conj           60%        2d6       9%          2
 Conjure Flame            Conj/Fire      30%        6-21      19%         3
 Frozen Ramparts          Ice            60%        1d8       19%         3
 Ignite Poison            Fire/Tmut/Pois 30%        N/A       19%         3
 Swiftness                Air            30%        N/A       19%         3
 Tukima's Dance           Hex            30%        N/A       19%         3
 Airstrike                Air            15%        N/A       52%         4
 Fulminant Prism          Conj/Hex       15%        3d11      52%         4
 Ice Form                 Ice/Tmut       30%        N/A       52%         4
 Passage of Golubria      Tloc           N/A        N/A       52%         4
 Sticky Flame             Conj/Fire      30%        2d5       52%         4
 Summon Ice Beast         Ice/Summ       30%        N/A       52%         4
 Yara's Violent Unravell  Hex/Tmut       15%        3d8       86%         5


Dungeon Overview and Level Annotations

Branches:
Dungeon (10/15)            Temple (0/1) D:6            Lair (6/6) D:8
 Shoals (0/4) Lair:3        Snake (0/4) Lair:3
  Slime: Lair:5-6       Orc: D:9-12

Altars:
Dithmenos
Fedhas
Kikubaaqudgha
Makhleb
Nemelex Xobeh
Ru
Trog
Uskayaw
Vehumet
Wu Jian
Xom
Yredelemnul
The Shining One

Shops:
D:7 *

Annotations:
D:4 FIQ's ghost, amateur DjAE
Lair:4 Rupert
Lair:6 corrupted, Josephine
Abyss:1 Erica


Innate Abilities, Weirdness & Mutations

You have very sharp teeth.
Your uncanny sense of smell can sniff out nearby items.
Your experience applies equally to all skills.
You passively map a small area around you.


Message History

Rupert hits you with a +1 triple sword of electrocution!
You can move again.
Throw: 2 darts (poison)
Press: ? - help, Q - select action, (/) - cycle Shift-Dir - straight line, f/p - Rupert
Aim: Rupert, wielding a +1 triple sword of electrocution and wearing a +1 leather armour of positive energy (moderately wounded, very poisoned, slow, 67% to hit)
You throw a poisoned dart. The poisoned dart hits Rupert!
Rupert looks as sick as possible!
Rupert is moderately wounded.
Rupert looks more energetic.
Rupert yells loudly at you.
You struggle to resist.
You hit Rupert. You burn Rupert.
Rupert is heavily wounded.
You hit Rupert. You burn Rupert. Your bite misses Rupert.
Rupert is heavily wounded.
You block Rupert's attack.
You hit Rupert. You burn Rupert.
Rupert is heavily wounded.
Rupert hits you with a +1 triple sword of electrocution!
You slash Rupert! You burn Rupert.
Rupert is severely wounded.
You slash Rupert! You burn Rupert. You bite Rupert, but do no damage.
Rupert is almost dead.
Rupert barely misses you.
You barely miss Rupert.
Rupert is almost dead.
You feel yourself slow down. You block Rupert's attack.
You slash Rupert! You burn Rupert. You bite Rupert, but do no damage.
Rupert is almost dead.
Rupert roars wildly at you.
You are confused.
Rupert roars madly and goes into a rage!
Rupert goes berserk!
Rupert hits you with a +1 triple sword of electrocution!!
* * * LOW HITPOINT WARNING * * *
You are electrocuted!!
* * * LOW HITPOINT WARNING * * *
Rupert hits you with a +1 triple sword of electrocution!!
You die...

..........#..........##
..........#.....(.....#
#.....#...'..........##
......#####..........#
.'....# #..........#
.#....# #....(.....#
###.+## ##.###...P##
####..### ####.@..##
.###..#(# #..@.##
.##.#..## ##..#.#
#.......# ##.'P.###
........####.......#
#..........#.......#
##.......#.........#
l.##..#.###.....(..#
.§F.†....####......#
....>.#..# #......#


You could see Rupert (berserk, very poisoned).

Vanquished Creatures
  Gastronok (D:9)
  A hydra (Lair:4)
  A two-headed ogre (D:10)
  4 death yaks (Lair:3)
  Pikel (D:6)
  6 elephants (Lair:2)
  A black mamba (Lair:4)
  10 cane toads
  A torpor snail (Lair:4)
  3 centaur skeletons (D:10)
  A gargoyle (D:7)
  4 komodo dragons
  A queen bee (Lair:3)
  A troll (D:10)
  4 polar bears
  Grinder (D:3)
  5 blink frogs
  A snapping turtle (Lair:3)
  Sigmund (D:3)
  2 wyverns
  2 spriggans (Lair:6)
  2 basilisks
  43 yaks
  Eustachio (D:4)
  Edmund (D:6)
  An acid dragon (D:4)
  3 nagas
  5 water moccasins
  2 black bears
  An orc warrior (D:8)
  3 necrophages
  An ice beast (D:5)
  15 wolves
  2 phantoms
  4 centaurs
  A kobold brigand (D:7)
  Blork the orc (D:6)
  9 bullfrogs
  A gnoll sergeant (D:9)
  3 scorpions
  3 water moccasin skeletons
  34 killer bees
  6 wights
  2 electric eels
  A howler monkey (D:8)
  4 crimson imps (D:4)
  A bullfrog zombie (D:5)
  10 centaur zombies
  A jelly (D:7)
  4 hounds
  A human zombie (D:10)
  2 gnoll shamans
  2 orc priests
  2 iguanas (D:6)
  3 orc wizards
  A hound skeleton (D:4)
  A mummy (D:10)
  2 howler monkey zombies (D:9)
  Robin (D:3)
  16 gnolls
  6 adders
  A shadow imp (D:6)
  A white imp (D:6)
  2 dart slugs
  5 worms
  12 orcs
  5 ball pythons
  4 endoplasms
  3 giant cockroaches (D:1)
  11 goblins
  14 hobgoblins
  3 jackals
  10 kobolds
  3 quokkas
  10 bats
  2 frilled lizards
  9 rats
349 creatures vanquished.

Vanquished Creatures (others)
  A catoblepas (Lair:6)
  3 yaks (Lair:6)
  26 bushes (Lair:2)
  29 fungi
  49 plants
108 creatures vanquished.

Grand Total: 457 creatures vanquished

Notes
Turn   | Place    | Note
-------+----------+-------------------------------------------
     0 | Abyss:1  | Gargoyl the Gnoll Abyssal Knight began the quest for the
                  | Orb.
     0 | Abyss:1  | Reached XP level 1. HP: 23/23 MP: 3/3
    67 | Abyss:2  | Identified the +3 robe of Anaesthesia {Will- Int+2 SInv}
   105 | Abyss:2  | Noticed a thrashing horror
   113 | D:1      | Escaped the Abyss
   162 | D:1      | Reached * piety under Lugonu
   390 | D:1      | Reached XP level 2. HP: 29/29 MP: 5/5
   632 | D:1      | Reached XP level 3. HP: 32/35 MP: 6/6
   815 | D:1      | Found a faded altar of an unknown god.
  1435 | D:2      | Reached ** piety under Lugonu
  1483 | D:2      | Reached skill level 1 in Short Blades
  1483 | D:2      | Reached skill level 1 in Long Blades
  1483 | D:2      | Reached skill level 1 in Maces & Flails
  1483 | D:2      | Reached skill level 1 in Polearms
  1483 | D:2      | Reached skill level 1 in Staves
  1483 | D:2      | Reached skill level 1 in Slings
  1483 | D:2      | Reached skill level 1 in Bows
  1483 | D:2      | Reached skill level 1 in Crossbows
  1483 | D:2      | Reached skill level 1 in Throwing
  1483 | D:2      | Reached skill level 1 in Stealth
  1483 | D:2      | Reached skill level 1 in Shields
  1483 | D:2      | Reached skill level 1 in Unarmed Combat
  1483 | D:2      | Reached skill level 1 in Spellcasting
  1483 | D:2      | Reached skill level 1 in Evocations
  1634 | D:2      | Reached XP level 4. HP: 38/41 MP: 7/7
  1955 | D:3      | Found a radiant altar of Vehumet.
  2239 | D:3      | Noticed Robin
  2243 | D:3      | Reached skill level 1 in Conjurations
  2243 | D:3      | Reached skill level 1 in Hexes
  2243 | D:3      | Reached skill level 1 in Summonings
  2243 | D:3      | Reached skill level 1 in Necromancy
  2243 | D:3      | Reached skill level 1 in Translocations
  2243 | D:3      | Reached skill level 1 in Transmutations
  2243 | D:3      | Reached skill level 1 in Fire Magic
  2243 | D:3      | Reached skill level 1 in Ice Magic
  2243 | D:3      | Reached skill level 1 in Air Magic
  2243 | D:3      | Reached skill level 1 in Earth Magic
  2243 | D:3      | Reached skill level 1 in Poison Magic
  2250 | D:3      | Killed Robin
  2439 | D:3      | Noticed Sigmund
  2452 | D:3      | Killed Sigmund
  2453 | D:3      | Reached skill level 5 in Invocations
  2453 | D:3      | Reached XP level 5. HP: 22/47 MP: 8/8
  2453 | D:3      | Reached XP level 6. HP: 24/53 MP: 9/9
  2797 | D:3      | Noticed Grinder
  2806 | D:3      | Killed Grinder
  2807 | D:3      | Reached skill level 5 in Axes
  2807 | D:3      | Reached skill level 5 in Armour
  2807 | D:3      | Reached XP level 7. HP: 59/59 MP: 10/10
  2911 | D:4      | Found a sacrificial altar of Ru.
  3000 | D:4      | Noticed Eustachio
  3052 | D:4      | Killed Eustachio
  3291 | D:4      | Found a shadowy altar of Dithmenos.
  3677 | D:4      | Found a transporter.
  3715 | D:4      | Found a shimmering altar of Xom.
  3748 | D:4      | Reached *** piety under Lugonu
  3749 | D:4      | Reached XP level 8. HP: 62/67 MP: 12/12
  4158 | D:4      | Found a transporter.
  4166 | D:4      | Noticed FIQ's ghost (amateur DjAE)
  4551 | D:5      | Entered Level 5 of the Dungeon
  4995 | D:5      | Identified the +2 pair of boots of Put Fi Wisk {Will- Int+3
                  | Dex+3}
  5258 | D:5      | Found a burning altar of Makhleb.
  5473 | D:5      | Found a bloodstained altar of Trog.
  5683 | D:5      | Found a sparkling altar of Nemelex Xobeh.
  5782 | D:6      | Reached XP level 9. HP: 63/72 MP: 14/14
  5975 | D:6      | Noticed Pikel
  5997 | D:6      | Killed Pikel
  5998 | D:6      | Reached skill level 5 in Dodging
  6263 | D:6      | Found an ancient bone altar of Kikubaaqudgha.
  6267 | D:6      | Found a blossoming altar of Fedhas.
  6336 | D:6      | Found a staircase to the Ecumenical Temple.
  6443 | D:6      | Noticed Blork the orc
  6444 | D:6      | Noticed Edmund
  6464 | D:6      | Killed Blork the orc
  6484 | D:6      | Killed Edmund
  7188 | D:7      | Identified a scroll of acquirement
  7188 | D:7      | Acquired an amulet of reflection
  7315 | D:7      | Noticed a gargoyle
  7324 | D:7      | Killed a gargoyle
  7369 | D:7      | Reached **** piety under Lugonu
  7422 | D:7      | Reached XP level 10. HP: 80/80 MP: 17/17
  7821 | D:7      | Found Wikaliym's Assorted Antiques.
  8431 | D:7      | Reached skill level 5 in Short Blades
  8431 | D:7      | Reached skill level 5 in Long Blades
  8431 | D:7      | Reached skill level 5 in Maces & Flails
  8431 | D:7      | Reached skill level 5 in Polearms
  8431 | D:7      | Reached skill level 5 in Staves
  8431 | D:7      | Reached skill level 5 in Slings
  8431 | D:7      | Reached skill level 5 in Bows
  8431 | D:7      | Reached skill level 5 in Crossbows
  8431 | D:7      | Reached skill level 5 in Throwing
  8431 | D:7      | Reached skill level 5 in Stealth
  8431 | D:7      | Reached skill level 5 in Shields
  8431 | D:7      | Reached skill level 5 in Unarmed Combat
  8431 | D:7      | Reached skill level 5 in Spellcasting
  8431 | D:7      | Reached skill level 5 in Evocations
  8445 | D:7      | Banished an unseen horror
  8931 | D:8      | Found a staircase to the Lair.
  8942 | D:8      | Noticed Erica
  8948 | Lair:1   | Entered Level 1 of the Lair of Beasts
  8948 | Lair:1   | Noticed a cane toad
  9053 | Lair:1   | Acquired 702 gold pieces
  9074 | Lair:1   | Noticed a cane toad
  9088 | Lair:1   | Killed a cane toad
  9327 | Lair:1   | Banished a cane toad
  9327 | Lair:1   | HP: 4/82 [poisoned by a cane toad]
  9747 | Lair:1   | Noticed a cane toad
  9756 | Lair:1   | Killed a cane toad
 10371 | Lair:1   | Noticed a cane toad
 10375 | Lair:1   | Killed a cane toad
 10376 | Lair:1   | Reached XP level 11. HP: 87/87 MP: 19/19
 10593 | Lair:1   | Reached skill level 5 in Conjurations
 10593 | Lair:1   | Reached skill level 5 in Hexes
 10593 | Lair:1   | Reached skill level 5 in Summonings
 10593 | Lair:1   | Reached skill level 5 in Necromancy
 10593 | Lair:1   | Reached skill level 5 in Translocations
 10593 | Lair:1   | Reached skill level 5 in Transmutations
 10593 | Lair:1   | Reached skill level 5 in Fire Magic
 10593 | Lair:1   | Reached skill level 5 in Ice Magic
 10593 | Lair:1   | Reached skill level 5 in Air Magic
 10593 | Lair:1   | Reached skill level 5 in Earth Magic
 10593 | Lair:1   | Reached skill level 5 in Poison Magic
 11745 | Lair:2   | Gained mutation: You passively map a small area around you.
                  | [potion of mutation]
 14118 | D:8      | Banished Erica
 14389 | D:9      | Noticed Gastronok
 14461 | D:8      | Reached XP level 12. HP: 28/96 MP: 17/22
 14749 | D:9      | Killed Gastronok
 15844 | D:9      | Found a glowing golden altar of the Shining One.
 15937 | D:9      | Found an ornate altar of the Wu Jian Council.
 16320 | D:10     | Entered Level 10 of the Dungeon
 16325 | D:10     | Noticed a +0 dagger
 16325 | D:10     | Noticed a +0 dagger
 16329 | D:10     | Noticed a +0 short sword
 16330 | D:10     | Noticed a +0 short sword
 16330 | D:10     | Noticed a +0 spear
 16332 | D:10     | Noticed a +0 spear
 16340 | D:10     | Found a hide-covered altar of Uskayaw.
 16342 | D:10     | Noticed a two-headed ogre
 16364 | D:10     | Killed a two-headed ogre
 16702 | D:10     | Found the +4 Cigotuvi's embrace {rMiasma Drain rN+}
 17081 | D:10     | Found a basalt altar of Yredelemnul.
 17223 | D:10     | Reached skill level 10 in Fighting
 18138 | Lair:3   | Reached XP level 13. HP: 76/103 MP: 24/24
 19378 | Lair:3   | Found a staircase to the Snake Pit.
 19600 | Lair:3   | Reached skill level 10 in Invocations
 20188 | Lair:3   | Found a staircase to the Shoals.
 20898 | Lair:4   | You fall into a shaft and drop 2 floors!
 20898 | Lair:6   | Entered Level 6 of the Lair of Beasts
 20902 | Lair:6   | Noticed Josephine
 20912 | Lair:6   | Paralysed by a hornet for 2 turns
 21090 | Lair:6   | Corrupted Lair:6
 21090 | Lair:6   | Noticed a starcursed mass
 21090 | Lair:6   | Noticed a great orb of eyes
 21091 | Lair:6   | Noticed a tentacled starspawn
 21104 | Lair:5   | Noticed Rupert
 23026 | Lair:4   | Found an ornate altar of the Wu Jian Council.
 24322 | Lair:4   | Paralysed by Rupert for 5 turns
 24337 | Lair:4   | HP: 1/104 [Rupert (18)]
 24337 | Lair:4   | Demolished by Rupert

Illustrated notes

Levels and vault maps discovered:
D:1:      dpeg_arrival_prison, layout_basic, chequers_ecumenical_altar_simple,
          eino_curves_04
D:2:      layout_rooms, minmay_randomly_rotated_circles
D:3:      layout_basic, vehumet_altar_wand_db, uniq_robin, uniq_grinder,
          uniq_sigmund
D:4:      layout_cave_pools, overflow_temple_1_default, led_xom_imps,
          nicolae_ru_sacrificial_ziggurat, gammafunk_ghost_gnarly_gnolls,
          kennysheep_generic_room_5, uniq_eustachio
D:5:      layout_basic, trog_book, mainiacjoe_overflow_tiny_flanked,
          nemelex_spade_bored_becter
D:6:      layout_basic, grunt_temple_overflow_growth_and_decay,
          minmay_temple_entry_offerings, kennysheep_generic_room_8, uniq_edmund,
          uniq_pikel, uniq_blork_the_orc
D:7:      layout_loops_ring, serial_shops, shop
D:8:      layout_rooms, lair_entry_dummy, uniq_erica
D:9:      layout_basic, tso_oasis_becter, pdpol_wu_jian_five_deadly_venoms,
          uniq_gastronok
D:10:     layout_rooms, nicolae_uskayaw_en_pointe,
          lemuel_mausoleum_altar_yredelemnul, hellmonk_guarded_unrand_cigotuvi
Lair:1:   layout_long_grid
Lair:2:   layout_misc_corridors, minmay_hedge_maze
Lair:3:   layout_misc_corridors, minmay_shoals_entry_hut,
          minmay_snake_entry_guardpost_small, special_room [special_room_bee],
          beast_lair_carwin_4, serial_bayou_shore_b
Lair:4:   layout_roguey, basic_altar, grunt_megastairs_4, serial_bayou_shore_a,
          lemuel_fruit_fields
Lair:5:   layout_cave_shapes, slime_altar_1, portal_ice_cave_entry_pillars_2,
          uniq_rupert
Lair:6:   minmay_lair_end_enchanted_forest, layout_regular_city, st_stairs_9,
          kennysheep_basilisk_garden, uniq_josephine

Skill      XL: |  1  2  3  4  5  6  7  8  9 10 11 12 13 |
---------------+----------------------------------------+-----
Short Blades   | 1 2 3 4 5 6 7 8 |  8.6
Long Blades    | 1 2 3 4 5 6 7 8 |  8.6
Maces & Flails | 1 2 3 4 5 6 7 8 |  8.6
Polearms       | 1 2 3 4 5 6 7 8 |  8.6
Staves         | 1 2 3 4 5 6 7 8 |  8.6
Slings         | 1 2 3 4 5 6 7 8 |  8.6
Bows           | 1 2 3 4 5 6 7 8 |  8.6
Crossbows      | 1 2 3 4 5 6 7 8 |  8.6
Throwing       | 1 2 3 4 5 6 7 8 |  8.6
Stealth        | 1 2 3 4 5 6 7 8 |  8.6
Shields        | 1 2 3 4 5 6 7 8 |  8.6
Unarmed Combat | 1 2 3 4 5 6 7 8 |  8.6
Spellcasting   | 1 2 3 4 5 6 7 8 |  8.6
Evocations     | 1 2 3 4 5 6 7 8 |  8.6
Conjurations   | 1 2 3 4 5 6 7 |  7.2
Hexes          | 1 2 3 4 5 6 7 |  7.2
Summonings     | 1 2 3 4 5 6 7 |  7.2
Necromancy     | 1 2 3 4 5 6 7 |  7.2
Translocations | 1 2 3 4 5 6 7 |  7.2
Transmutations | 1 2 3 4 5 6 7 |  7.2
Fire Magic     | 1 2 3 4 5 6 7 |  7.2
Ice Magic      | 1 2 3 4 5 6 7 |  7.2
Air Magic      | 1 2 3 4 5 6 7 |  7.2
Earth Magic    | 1 2 3 4 5 6 7 |  7.2
Poison Magic   | 1 2 3 4 5 6 7 |  7.2
Dodging        | 3 4 5 6 7 8 9 |  9.0
Invocations    | 5 6 7 8 9 10 | 10.4
Axes           | 5 6 7 8 9 |  9.8
Armour         | 5 6 7 8 9 |  9.8
Fighting       | 7 8 9 10 | 10.7

Action                   |  1- 3 |  4- 6 |  7- 9 | 10-12 | 13-15 || total
-------------------------+-------+-------+-------+-------+-------++-------
Melee: Hand axe          |   105 |    64 |   361 |   899 |   611 ||  2040
       Bite              |     6 |     6 |    38 |   119 |    83 ||   252
Throw: Javelin           |       |     3 |       |    29 |    12 ||    44
       Dart              |       |       |       |    26 |    27 ||    53
Invok: Depart the Abyss  |     1 |       |       |       |       ||     1
       Bend Space        |       |       |     3 |     5 |       ||     8
       Banish            |       |       |       |     7 |     5 ||    12
       Corrupt           |       |       |       |       |     1 ||     1
Evoke: Wand              |       |     5 |     1 |     4 |       ||    10
  Use: Potion            |     1 |       |     5 |     6 |     2 ||    14
       Scroll            |       |       |    10 |    13 |     3 ||    26
 Stab: Sleeping          |       |       |     3 |    18 |     3 ||    24
Armor: Robe              |    30 |       |       |       |       ||    30
       Acid dragon scale |    28 |    35 |   247 |   385 |   121 ||   816
Dodge: Dodged            |    65 |    17 |   150 |   360 |   150 ||   742
Block: Tower shield      |     9 |    49 |   397 |  1282 |   740 ||  2477
       Reflection        |       |       |     8 |     5 |     7 ||    20

Table legend: (Time is in decaauts)
 A = Elapsed time spent in this place.
 B = Non-inter-level travel time spent in this place.
 C = Inter-level travel time spent in this place.
 D = Time resting spent in this place.
 E = Time spent auto-exploring this place.
 F = Levels seen in this place.
 G = Mean time per level.
                   A        B        C        D        E       F      G
               +--------+--------+--------+--------+--------+-----+--------+
         Total |  24973 |  24393 |    580 |   7593 |  11337 |  18 | 1387.4 |
       Dungeon |  12652 |  12282 |    370 |   2142 |   7274 |  10 | 1265.2 |
          Lair |  12209 |  11999 |    210 |   5451 |   4003 |   6 | 2034.8 |
         Abyss |    111 |    111 |      0 |      0 |     59 |   2 |   55.5 |
               +--------+--------+--------+--------+--------+-----+--------+

Top non-repeatable levels by time:
  Lair:3: 3920 daAuts
  Lair:1: 3241 daAuts
  Lair:2: 2627 daAuts
  Lair:4: 2178 daAuts
     D:4: 1794 daAuts
     D:8: 1632 daAuts
     D:6: 1514 daAuts
     D:7: 1261 daAuts
    D:10: 1255 daAuts
     D:9: 1232 daAuts
     D:3: 1202 daAuts
     D:1: 1081 daAuts
     D:5: 942 daAuts
     D:2: 735 daAuts
  Lair:6: 212 daAuts
